 Dungeon Crawl Stone Soup version 0.31-a0-564-g3b7de120b3 (webtiles) character file.

Game seed: 4536977543662391653

80 CraigForest the Ruffian (level 4, -1/26 HPs)
             Began as a Gargoyle Shapeshifter on Aug 17, 2023.
             Was an Initiate of Gozag.
             Slain by a gnoll
             ... wielding a +2 flail of protection
             ... led by a gnoll bouda
              (12 damage)
             ... on level 4 of the Dungeon.
             The game lasted 00:05:42 (1700 turns).

CraigForest the Ruffian (Gargoyle Shapeshifter)     Turns: 1700, Time: 00:05:42

Health: -1/26      AC: 13    Str: 21    XL:     4   Next: 39%
Magic:  4/4        EV:  6    Int:  8    God:    Gozag
Gold:   66         SH:  0    Dex: 10    Spells: 3/3 levels left

rFire   . .          .
                       - Unarmed
rCold   . . .        (no shield)
rNeg    + . .        p - +0 plate armour
rPois   ∞            (helmet currently unavailable)
rElec   +            (cloak currently unavailable)
rCorr   .            (gloves currently unavailable)
SInv    .            (boots currently unavailable)
Will    .....        (no amulet) Stlth
                     (no ring)
HPRegen 0.24/turn    (no ring)
MPRegen 0.09/turn

%: no passive effects
@: beast-form, weakened, gold aura
A: beast (slay +1), sickness immunity, AC +3, negative energy resistance 1,
electricity resistance, torment resistance 1, petrification resistance
a: Begin Untransformation, Renounce Religion, Potion Petition, Call Merchant,
Bribe Branch


You were on level 4 of the Dungeon.
You worshipped Gozag.
Gozag was noncommittal.
You were a hulking beast.
You visited 1 branch of the dungeon, and saw 4 of its levels.

You collected 84 gold pieces.
You paid 18 gold pieces to Gozag.

Inventory:

Hand Weapons
 k - a +2 whip of electrocution
Missiles
 s - 3 boomerangs
 t - 6 javelins
Armour
 a - a +0 animal skin
 h - a +0 ring mail
 l - a +0 pair of boots
 m - a +0 leather armour
 p - a +0 plate armour (worn)
 r - a +1 helmet of see invisible
Talismans
 c - a beast talisman (active)
 d - a flux talisman
Scrolls
 g - 2 scrolls of identify
 n - a scroll of immolation
 q - a scroll of poison {unknown}
Potions
 b - 2 potions of lignification
 e - a potion of ambrosia
 f - 2 potions of attraction
 i - a potion of heal wounds {unknown}
 j - 3 potions of curing {unknown}
 o - a potion of berserk rage {unknown}


   Skills:
 + Level 1.9 Fighting
 + Level 0.1 Armour
 + Level 1.9 Dodging
 + Level 4.1 Unarmed Combat
 + Level 2.8 Shapeshifting


You had 3 spell levels left.
You didn't know any spells.
Your spell library contained the following spells:

 Spells                   Type           Power      Damage    Failure   Level
 Apportation              Tloc           0%         N/A       100%        1
 Necrotise                Necr           0%         1d4       100%        1
 Summon Small Mammal      Summ           0%         N/A       100%        1
 Poisonous Vapours        Pois/Air       0%         N/A       100%        2
 Mephitic Cloud           Conj/Pois/Air  0%         N/A       100%        3
 Freezing Cloud           Conj/Ice/Air   0%         6-21      100%        5


Dungeon Overview and Level Annotations

Branches:
Dungeon (4/15)
 Temple: D:4-7

Altars:
Dithmenos
Gozag
Hepliaklqana


Innate Abilities, Weirdness & Mutations

You are a hulking beast.
Your limbs bulge with bestial killing power. (Slay +1)
You are immune to sickness and miasma.
Your stone body is resilient. (AC +3)
You are immune to poison.
You resist negative energy. (rN+)
You are resistant to electric shocks. (rElec)
You are resistant to unholy torment.
You are immune to petrification.


Message History

You hit the gnoll. You punch the gnoll.
The gnoll is severely wounded.
The gnoll hits you with a +0 spear.
You hit the gnoll.
You kill the gnoll!
You hear a splash.
The gnoll splashes around in the water.
The gnoll hits you from afar with a +0 spear.
The gnoll bouda gazes fiercely through you!
You feel as though you will be weak longer.
The orc splashes around in the water.
You hit the orc.
The orc is moderately wounded.
The gnoll hits you but does no damage. The gnoll barely misses you.
The orc hits you but does no damage.
You hit the orc.
The orc is severely wounded.
The gnoll hits you but does no damage.
The gnoll splashes around in the water.
The orc hits you with a +0 mace.
You hit the orc.
You kill the orc!
You hear a splash. x2
The gnoll splashes around in the water.
The gnoll closely misses you.
You hit the gnoll but do no damage. The gnoll hits you but does no damage.
The gnoll is distracted by your dazzling golden aura.
You closely miss the gnoll.
Your attacks no longer feel as feeble.
The gnoll is distracted by your dazzling golden aura.
The gnoll hits you with a +2 flail of protection.
The gnoll shouts! x2
You hit the gnoll but do no damage.
The gnoll is no longer distracted by gold.
The gnoll splashes around in the water.
The gnoll bouda gazes fiercely through you!
You feel your attacks grow feeble. The gnoll bouda barely misses you.
The gnoll is no longer distracted by gold.
The gnoll hits you with a +2 flail of protection!
You die...
Your body crumbles into a pile of gold.

>..~~≈≈~...#
...~P≈≈P~..#
..)~P≈≈~~..# .
....~≈≈≈~..###.#
...~.P≈P~......#
.....g≈P~.#...##
....~.≈~~...#..#
....~~≈.~...##..#
##...gggh....##.#
#..P~~~.$.#....#
#.~P≈~~~..#.##.
#..P≈≈~≈....#
#..~≈≈≈~~..##
#.~.P≈≈≈~~.#
....≈≈≈~~~.#
....~≈≈≈P~..


You could see a gnoll bouda and 3 gnolls.

Vanquished Creatures
  A gnoll (D:4)
  2 adders (D:2)
  2 dart slugs (D:1)
  An orc (D:4)
  8 ball pythons
  2 bats
  7 endoplasms
  2 giant cockroaches
  A goblin (D:2)
  5 hobgoblins
  A quokka (D:2)
  4 frilled lizards
  6 kobolds
  5 rats
47 creatures vanquished.

Notes
Turn   | Place    | Note
-------+----------+-------------------------------------------
     0 | D:1      | CraigForest the Gargoyle Shapeshifter began the quest for
                  | the Orb.
     0 | D:1      | Reached XP level 1. HP: 12/12 MP: 1/1
    94 | D:1      | Reached XP level 2. HP: 7/16 MP: 2/2
   512 | D:2      | Reached XP level 3. HP: 18/20 MP: 3/3
  1115 | D:3      | Reached XP level 4. HP: 26/26 MP: 4/4
  1408 | D:3      | Found a shadowy altar of Dithmenos.
  1475 | D:3      | Found an opulent altar of Gozag.
  1481 | D:3      | Reached skill level 4 in Unarmed Combat
  1493 | D:3      | Became a worshipper of Gozag Ym Sagoz the Greedy
  1596 | D:3      | Found a hazy altar of Hepliaklqana.
  1598 | D:3      | Noticed a shadow
  1700 | D:4      | Slain by a gnoll

Illustrated notes

Levels and vault maps discovered:
D:1:      psy_arrival_dodecagon, layout_rooms
D:2:      layout_rooms
D:3:      layout_rooms, riverfiend_overflow_shadow_ancestor, old_standard_altar
D:4:      layout_rooms, grunt_temple_overflow_diamond, general_overflow_altar,
          hellmonk_okawaru_the_only_friend_you_need, chequers_big_river,
          uniq_pikel

Skill      XL: |  1  2  3  4 |
---------------+-------------+-----
Unarmed Combat | 4 |  4.1
Fighting       | |  1.9
Armour         | |  0.1
Dodging        | |  1.9
Shapeshifting  | |  2.8

Action                     |  1- 3 |  4- 6 || total
---------------------------+-------+-------++-------
  Melee: Unarmed           |    87 |    23 ||   110
         Punch             |     3 |     2 ||     5
    Use: Scroll            |     5 |     1 ||     6
 Armour: Animal skin       |    12 |       ||    12
         Leather armour    |     3 |     2 ||     5
         Plate armour      |       |     7 ||     7
         Ring mail         |       |     3 ||     3
  Dodge: Dodged            |    48 |    13 ||    61

Table legend: (Time is in decaauts)
 A = Elapsed time spent in this place.
 B = Non-inter-level travel time spent in this place.
 C = Inter-level travel time spent in this place.
 D = Time resting spent in this place.
 E = Time spent auto-exploring this place.
 F = Levels seen in this place.
 G = Mean time per level.
                   A        B        C        D        E       F      G
               +--------+--------+--------+--------+--------+-----+--------+
         Total |   1694 |   1611 |     83 |     34 |   1199 |   4 |  423.5 |
       Dungeon |   1694 |   1611 |     83 |     34 |   1199 |   4 |  423.5 |
               +--------+--------+--------+--------+--------+-----+--------+

Top non-repeatable levels by time:
     D:2: 618 daAuts
     D:3: 545 daAuts
     D:1: 486 daAuts
     D:4: 44 daAuts
